 Dungeon Crawl Stone Soup version 0.18-a0-1745-gffa9a88 (webtiles) character file.

84 M4edhros the Sneak (level 4, 0/28 HPs)
             Began as an Octopode Artificer on Apr 12, 2016.
             Succumbed to a worker ant's poison
             ... on level 3 of the Dungeon.
             The game lasted 00:01:19 (1103 turns).

M4edhros the Sneak (Octopode Artificer)             Turns: 1103, Time: 00:01:20

Health: 0/28       AC:  1    Str: 10    XL:     4   Next: 45%
Magic:  6/6        EV: 12    Int: 14    God:
Gold:   69         SH:  0    Dex: 13    Spells: 0 memorised, 3 levels left

rFire  . . .     SeeInvis .     i - +1 dagger (speed)
rCold  . . .     Gourm    .     (no shield)
rNeg   . . .     Faith    .     (helmet restricted)
rPois  .         Spirit   .     (no amulet)
rElec  .         Dismiss  .     (no ring)
rCorr  .         Reflect  .     (no ring)
SustAt .         Harm     .     (no ring)
MR     .....                    (no ring)
Stlth  ++++......               (no ring)
                                (no ring)
                                (no ring)
                                (no ring)

@: lethally poisoned (0 -> -2), not resistant to hostile enchantments, stealthy
A: almost no armour, amphibious, 8 rings, constrict 8, camouflage 1, gelatinous
body 1
a: no special abilities


You were on level 3 of the Dungeon.
You were hungry.

You visited 1 branch of the dungeon, and saw 3 of its levels.

You collected 69 gold pieces.

Inventory:

Hand Weapons
 a - a +0 short sword
 h - a +0 flail of draining
 i - a +1 dagger of speed (weapon)
Missiles
 k - 22 sling bullets
Wands
 b - a wand of flame (15/48)
 c - a wand of enslavement (12/24)
 d - a wand of random effects (13/48)
Scrolls
 e - 3 scrolls of identify {unknown}
 j - a scroll of random uselessness {unknown}
Comestibles
 f - 2 bread rations


   Skills:
 - Level 1.0 Fighting
 - Level 1.0 Short Blades
 - Level 2.0 Dodging
 + Level 6.0 Stealth
 - Level 3.2 Evocations


You had 3 spell levels left.
You didn't know any spells.

Dungeon Overview and Level Annotations

Branches:
Dungeon (3/15)

Altars:
Ashenzari
Qazlal


Innate Abilities, Weirdness & Mutations

You cannot wear most types of armour.
You are amphibious.
You can wear up to eight rings at the same time.
You can use your tentacles to constrict eight enemies at once.
Your skin changes colour to match your surroundings (Stealth).
Your rubbery body absorbs attacks (AC +1).


Message History

* * * LOW HITPOINT WARNING * * *
You feel sick.
* * * LOW HITPOINT WARNING * * *
You feel sick.
* * * LOW HITPOINT WARNING * * *
You feel sick.
* * * LOW HITPOINT WARNING * * *
You feel sick.
* * * LOW HITPOINT WARNING * * *
You feel sick.
* * * LOW HITPOINT WARNING * * *
You feel sick.
All of the chunks of flesh in your inventory have rotted away.
* * * LOW HITPOINT WARNING * * *
You feel sick.
* * * LOW HITPOINT WARNING * * *
You feel sick.
* * * LOW HITPOINT WARNING * * *
You feel sick.
You die...

...# #..# #......... ...
##.# ##.<.##.## ..
#####.######....##.####
#.#.........†............
#........######......##.#
##.#.##..# ##..##.# # #.
##.#..# #..##..#
#...#######..##..#
##.@.........##..#
#..#.....##.###...
...#...#8#....# #.#..
..#.####.#.#..### #.#.#
... #.#.#..# ##. #.#.#..#
# #.#>#..# #.#_#..#
#.###.##


There were no monsters in sight!

Vanquished Creatures
  A worker ant (D:3)
  A gnoll (D:1)
  2 oozes
  A dart slug (D:1)
  A giant gecko (D:1)
  An orc (D:3)
  4 bats
  6 hobgoblins
  2 jackals (D:3)
  4 kobolds
  3 giant newts
  4 goblins
  6 rats
36 creatures vanquished.

Vanquished Creatures (collateral kills)
  A goblin (D:3)
1 creature vanquished.

Vanquished Creatures (others)
  An orc (D:3)
1 creature vanquished.

Grand Total: 38 creatures vanquished

Notes
Turn   | Place    | Note
--------------------------------------------------------------
     0 | D:1      | M4edhros the Octopode Artificer began the quest for the Orb.
     0 | D:1      | Reached XP level 1. HP: 13/13 MP: 3/3
    79 | D:1      | Reached skill level 2 in Stealth
   116 | D:1      | Reached XP level 2. HP: 13/18 MP: 4/4
   139 | D:1      | Reached skill level 3 in Stealth
   208 | D:1      | Reached skill level 4 in Stealth
   208 | D:1      | Reached XP level 3. HP: 20/23 MP: 5/5
   437 | D:2      | Found a stormy altar of Qazlal.
   810 | D:3      | Reached skill level 5 in Stealth
   840 | D:3      | Found a shattered altar of Ashenzari.
   881 | D:3      | Reached XP level 4. HP: 25/28 MP: 6/6
  1076 | D:3      | Reached skill level 6 in Stealth
  1099 | D:3      | HP: 1/28 [poisoned by a worker ant]
  1103 | D:3      | Succumbed to a worker ant's poison

Vault maps used:
D:1:      dpeg_arrival_solitude, minivault_25
D:2:      nicolae_qazlal_general_emergency, tso_metal_star, minitemple,
          zin_scriptorium
D:3:      first_bread, small_statue_intersection, lemuel_statue_altar

Skill      XL: |  1  2  3  4 |
---------------+-------------+-----
Stealth        | 2 4 5 6 |  6.0
Fighting       | |  1.0
Short Blades   | |  1.0
Dodging        | |  2.0
Evocations     | |  3.2

Action                   |  1- 3 |  4- 6 || total
-------------------------+-------+-------++-------
Melee: Short sword       |    26 |       ||    26
       Dagger            |    21 |     5 ||    26
       Flail             |    16 |       ||    16
Evoke: Wand              |       |     5 ||     5
  Use: Potion            |       |     1 ||     1
 Stab: Sleeping          |    18 |       ||    18
